 Dungeon Crawl Stone Soup version 0.17-a0-1481-gfdcec5c (webtiles) character file.

67 ketsa the Chiller (level 4, -2/21 HPs)
             Began as a Vine Stalker Ice Elementalist on July 2, 2015.
             Slain by Grinder (7 damage)
             ... while paralysed by Grinder
             ... on level 3 of the Dungeon on July 4, 2015.
             The game lasted 00:10:16 (1959 turns).

ketsa the Chiller (Vine Stalker Ice Elementalist)   Turns: 1959, Time: 00:10:17

Health: -2/21      AC:  5    Str: 11    XL:     4   Next: 16%
Magic:  0/9        EV:  2    Int: 16    God:
Gold:   145        SH:  0    Dex: 14    Spells: 3 memorised, 2 levels left

rFire  + . .     SeeInvis .       - Unarmed
rCold  . . .     Clarity  .     a - +0 robe
rNeg   . . .     SustAt   .     (no shield)
rPois  .         Gourm    .     s - +0 helmet
rElec  .         Spirit   +     y - +0 cloak
rCorr  .         Warding  .     (no gloves)
rMut   .         Stasis   .     w - +0 pair of boots
MR     .....                    (no amulet)
Stlth  ++........               (no ring)
                                h - ring of protection from fire

@: paralysed, not resistant to hostile enchantments, unstealthy
A: fangs 2, regeneration 1, magic shield, antimagic bite, no device heal 3, rot
immunity
a: no special abilities


You were on level 3 of the Dungeon.
You were not hungry.

You visited 1 branch of the dungeon, and saw 3 of its levels.

You collected 145 gold pieces.

Inventory:

Hand weapons
 d - a +0 dagger
Missiles
 p - 16 stones (quivered)
Armour
 a - a +0 robe (worn)
 s - a +0 helmet (worn)
 w - a +0 pair of boots (worn)
 y - a +0 cloak (worn)
Jewellery
 h - a ring of protection from fire (left hand)
Magical devices
 x - a wand of cold (4)
Scrolls
 e - a scroll of fear {unknown}
 f - a scroll of enchant weapon {unknown}
 g - 2 scrolls of remove curse {unknown}
 i - 2 scrolls of amnesia {unknown}
 l - 4 scrolls of identify {unknown}
 n - 2 scrolls of magic mapping {unknown}
 o - a scroll of teleportation {unknown}
 v - 2 scrolls of enchant armour {unknown}
Potions
 j - a potion of heal wounds {unknown}
 k - a potion of degeneration {unknown}
 m - a potion of brilliance {unknown}
 r - a potion of cure mutation {unknown}
 u - a potion of curing {unknown}
Books
 b - a book of Frost

   Spells                             Type                      Level
   a - Freeze                         Ice                          1
   b - Throw Frost                    Conjuration/Ice              2
   c - Ozocubu's Armour               Charms/Ice                   3
   d - Throw Icicle                   Conjuration/Ice              4
   e - Summon Ice Beast               Ice/Summoning                4
   f - Condensation Shield            Ice                          4
Comestibles
 c - 3 bread rations
 q - a fruit
 t - 2 chunks of flesh


   Skills:
 - Level 1.5 Dodging
 - Level 2.4 Stealth
 + Level 1.1 Unarmed Combat
 + Level 2.9 Spellcasting
 + Level 1.9 Conjurations
 + Level 0.0 Charms
 + Level 3.8 Ice Magic


You had 2 spell levels left.
You knew the following spells:

 Your Spells              Type           Power        Failure   Level  Hunger
a - Freeze                Ice            ##..         4%          1    #......
b - Throw Frost           Conj/Ice       ##....       10%         2    ##.....
c - Ozocubu's Armour      Chrm/Ice       #.......     28%         3    ###....


Dungeon Overview and Level Annotations

Branches:
Dungeon (3/15)

Altars:

Annotations:
D:2 Crazy Yiuf, Robin
D:3 Grinder


Innate Abilities, Weirdness & Mutations

You have extremely sharp teeth.
Your natural rate of healing is unusually fast.
When hurt, damage is shared between your health and your magic reserves.
Your bite disrupts and absorbs the magic of your enemies.
Potions and wands cannot restore your health.
You are immune to rotting.


Message History

Confirm with . or Enter, or press ? or * to list all spells.
Aiming: Freeze
Press: ? - help, Shift-Dir - straight line, f/p - Grinder
Aim: Grinder (lightly wounded)
You freeze Grinder.
Grinder resists.
Grinder is lightly wounded.
Grinder hits you.
You writhe in agony.
Casting: Freeze
Confirm with . or Enter, or press ? or * to list all spells.
Aiming: Freeze
Press: ? - help, Shift-Dir - straight line, f/p - Grinder
Aim: Grinder (lightly wounded)
You freeze Grinder.
Grinder resists.
Grinder is lightly wounded.
Grinder gestures at you.
You suddenly lose the ability to move!
Grinder hits you.
* * * LOW HITPOINT WARNING * * *
Grinder hits you!
You die...

#.### ## #.#.. .. #.#.#####
##### #.#.#...# #....
#.#.#...# #.... #.#.#...#
##.... ####.#.#...####
#.....
#>....@5......####.....
#.##.#.#...##.#........
#.##.#.#...##.....#....
#.##.#.#...###....#....
#####5##.#.#...###....#....
#.....##.#............#....
#.###.##.#########....#....
#.# #.##.# #.##.#.### #.#
#.##.#########.##.#.#..


You could see Grinder.

Vanquished Creatures
  2 adders
  2 worms (D:2)
  2 giant cockroaches
  10 goblins
  6 hobgoblins
  2 quokkas (D:3)
  2 bats
  4 giant newts
  7 kobolds
  5 rats
42 creatures vanquished.

Notes
Turn   | Place    | Note
--------------------------------------------------------------
     0 | D:1      | ketsa the Vine Stalker Ice Elementalist began the quest for the Orb.
     0 | D:1      | Reached XP level 1. HP: 9/9 MP: 4/4
   138 | D:1      | Reached XP level 2. HP: 10/13 MP: 3/6
   142 | D:1      | Learned a level 2 spell: Throw Frost
   893 | D:2      | Reached skill level 1 in Unarmed Combat
   893 | D:2      | Reached XP level 3. HP: 7/16 MP: 1/7
  1193 | D:2      | Noticed Robin
  1299 | D:2      | Upgraded the game from 0.17-a0-1475-g9f81d98 to 0.17-a0-1481-gfdcec5c
  1718 | D:2      | Learned a level 3 spell: Ozocubu's Armour
  1794 | D:2      | Noticed Crazy Yiuf
  1872 | D:3      | Reached XP level 4. HP: 21/21 MP: 6/9
  1938 | D:3      | Noticed Grinder
  1957 | D:3      | Paralysed by Grinder for 5 turns
  1959 | D:3      | Slain by Grinder

Vault maps used:
D:1:      mrwooster_arrival_statue
D:2:      lemuel_coloured_pillars_altar, first_bread, uniq_robin,
          uniq_crazy_yiuf_cottage
D:3:      uniq_grinder

Action                   |  1- 3 |  4- 6 || total
-------------------------+-------+-------++-------
Melee: Dagger            |    18 |       ||    18
       Unarmed           |    69 |     1 ||    70
 Cast: Freeze            |    45 |     6 ||    51
       Throw Frost       |    11 |     1 ||    12
 Stab: Sleeping          |     5 |       ||     5
  Eat: Chunk             |     2 |     1 ||     3
       Fruit             |     2 |       ||     2
